 Dungeon Crawl Stone Soup version 0.28.0-45-g0d030f2227 (webtiles) character file.

Game seed: 8036056772461202893

157 101zpm the Skirmisher (level 5, -3/33 HPs)
             Began as a Gargoyle Fighter on Apr 4, 2022.
             Slain by an orc
             ... wielding a +0 flail
              (4 damage)
             ... on level 3 of the Dungeon.
             The game lasted 00:03:38 (2966 turns).

101zpm the Skirmisher (Gargoyle Fighter)            Turns: 2966, Time: 00:03:38

Health: -3/33      AC: 11    Str: 22    XL:     5   Next: 38%
Magic:  5/5        EV: 13    Int:  8    God:
Gold:   117        SH:  4    Dex:  9    Spells: 4/4 levels left

rFire   . . .      SeeInvis .   i - +2 mace (holy)
rCold   . . .      Faith    .   c - +0 buckler
rNeg    + . .      Spirit   .   b - +0 scale mail
rPois   ∞          Reflect  .   (no helmet)
rElec   +          Harm     .   (no cloak)
rCorr   .          Rampage  .   (no gloves)
Will    .....                   (no boots)
Stlth   ..........              (no amulet)
HPRegen 0.11/turn               o - +4 ring of evasion
MPRegen 0.09/turn               (no ring)

@: no status effects
A: sickness immunity, AC +4, negative energy resistance 1, electricity
resistance, torment resistance 1, petrification resistance
a: no special abilities


You were on level 3 of the Dungeon.
You visited 1 branch of the dungeon, and saw 3 of its levels.

You collected 117 gold pieces.

Inventory:

Hand Weapons
 a - a +0 flail
 i - a +2 mace of holy wrath (weapon)
Armour
 b - a +0 scale mail (worn)
 c - a +0 buckler (worn)
Jewellery
 o - a +4 ring of evasion (left hand)
Scrolls
 g - a scroll of holy word {unknown}
 h - 2 scrolls of immolation {unknown}
 k - a scroll of fear {unknown}
 m - a scroll of teleportation {unknown}
 n - a scroll of identify {unknown}
 p - a scroll of vulnerability {unknown}
 q - a scroll of noise {unknown}
Potions
 d - a potion of might
 e - 3 potions of degeneration {unknown}
 f - a potion of curing {unknown}
 j - a potion of magic {unknown}
 l - a potion of heal wounds {unknown}


   Skills:
 + Level 4.1 Fighting
 + Level 3.9 Maces & Flails
 + Level 3.9 Armour
 + Level 0.7 Dodging
 + Level 0.1 Stealth
 + Level 3.7 Shields


You had 4 spell levels left.
You didn't know any spells.
Your spell library contained the following spells:

 Spells                   Type           Power      Damage    Failure   Level
 Summon Small Mammal      Summ           0%         N/A       82%         1
 Call Canine Familiar     Summ           0%         N/A       99%         3
 Summon Guardian Golem    Hex/Summ       0%         N/A       99%         3
 Fireball                 Conj/Fire      0%         3d3       100%        5
 Iskenderun's Battlesphe  Conj           0%         2d6       100%        5
 Conjure Ball Lightning   Conj/Air       0%         3x3d6     100%        6
 Orb of Destruction       Conj           0%         9d5       100%        7


Dungeon Overview and Level Annotations

Branches:
Dungeon (3/15)

Altars:
Uskayaw

Shops:
D:1 [

Annotations:
D:3 1 runed translucent door, Sheol's ghost, amateur MiFi


Innate Abilities, Weirdness & Mutations

You are immune to sickness and miasma.
Your stone body is resilient. (AC +4)
You are immune to poison.
You resist negative energy. (rN+)
You are resistant to electric shocks. (rElec)
You are resistant to unholy torment.
You are immune to petrification.


Message History

You are too injured to fight recklessly!
You are too injured to fight recklessly!
You hit the orc priest.
The orc priest is severely wounded.
The orc priest looks braver for a moment.
You hit the orc priest.
The orc priest is almost dead.
The orc priest looks braver for a moment.
You thump the orc priest!
You kill the orc priest!
You hear some strange, mumbled words.
Something tries to affect you, but you resist.
Something hits you but does no damage.
Items here: )) [[ †.
You miss something.
You hear some strange, mumbled words.
You are confused.
You completely miss something.
You hear some strange, mumbled words.
A puff of flame appears from out of thin air!
The puff of flame hits you.
* * * LOW HITPOINT WARNING * * *
You bump into the rock wall.
Something hits you but does no damage.
You completely miss something.
Something hits you but does no damage. x2
You bump into the rock wall.
Something hits you but does no damage.
You bump into the rock wall.
An orc wizard appears from thin air!
Reactivating autopickup.
The orc wizard hits you but does no damage.
You hit the orc wizard.
The orc wizard is moderately wounded.
The orc wizard hits you but does no damage.
You're too confused to move!
You feel less confused.
The orc wizard gestures at you while chanting.
The puff of flame hits you.
* * * LOW HITPOINT WARNING * * *
You sock the orc wizard!
You kill the orc wizard!
The orc hits you with a +0 flail.
You die...

#♣.♣♣#.####....###
#.♣.♣#.# ####...#
#♣♣..'.# ###.. #....###
### #♣.♣♣# ### ## ####
#..#..####### #..##
#.....o@)...# ##...#
###.#######.####..#.####
#....#..#..##.
####..........
#.......#.######
..#...#.#... #...#.#####
.......# ###.....#


You could see an orc.

Vanquished Creatures
  An orc priest (D:3)
  2 orc wizards (D:3)
  4 adders
  2 worms
  A dart slug (D:1)
  6 orcs (D:3)
  6 endoplasms
  2 giant cockroaches
  5 hobgoblins
  2 jackals (D:3)
  3 kobolds
  4 quokkas
  3 ball pythons
  6 bats
  3 goblins (D:1)
  5 rats
55 creatures vanquished.

Vanquished Creatures (others)
  4 plants (D:2)
4 creatures vanquished.

Grand Total: 59 creatures vanquished

Notes
Turn   | Place    | Note
-------+----------+-------------------------------------------
     0 | D:1      | 101zpm the Gargoyle Fighter began the quest for the Orb.
     0 | D:1      | Reached XP level 1. HP: 14/14 MP: 1/1
   123 | D:1      | Found Xuh Cad's Armour Shoppe.
   158 | D:1      | Reached XP level 2. HP: 19/19 MP: 2/2
   465 | D:2      | Reached XP level 3. HP: 22/24 MP: 3/3
   580 | D:2      | Reached skill level 4 in Fighting
  1454 | D:1      | Noticed a shining eye
  1811 | D:1      | Reached XP level 4. HP: 29/29 MP: 4/4
  1943 | D:1      | Noticed a floating eye
  1945 | D:1      | Found a faded altar of an unknown god.
  1946 | D:1      | Noticed a great orb of eyes
  1946 | D:1      | Noticed a shining eye
  2533 | D:3      | Found a runed translucent door.
  2537 | D:3      | Noticed Sheol's ghost (amateur MiFi)
  2756 | D:3      | Found a hide-covered altar of Uskayaw.
  2760 | D:3      | Noticed a +0 dagger
  2760 | D:3      | Noticed a +0 dagger
  2945 | D:3      | Reached XP level 5. HP: 24/33 MP: 5/5
  2959 | D:3      | HP: 1/33 [something/puff of flame (6)]
  2965 | D:3      | HP: 1/33 [orc wizard/puff of flame (1)]
  2966 | D:3      | Slain by an orc

Illustrated notes

Levels and vault maps discovered:
D:1:      lightli_arrival_lavapool, layout_loops_ring, serial_shops,
          nicolae_square_shop, hellmonk_ecumenical_altar_watching_god,
          grunt_decor_mini_mirrors, serial_bayou_pond_e,
          hangedman_decor_clover_reticule, serial_park_tiny_2,
          minmay_tetromino_s4
D:2:      layout_basic, chequers_jeans, chequers_big_river
D:3:      layout_rooms, dancing_weapons_uskayaw, gammafunk_ghost_grave,
          chequers_arboretum, hangedman_feature_mirror, minivault_27,
          fountainhead

Skill      XL: |  1  2  3  4 |
---------------+-------------+-----
Fighting       | 4 |  4.1
Maces & Flails | 3 |  3.9
Armour         | |  3.9
Dodging        | |  0.7
Stealth        | |  0.1
Shields        | |  3.7

Action                   |  1- 3 |  4- 6 || total
-------------------------+-------+-------++-------
Melee: Flail             |    39 |       ||    39
       Mace              |    36 |   118 ||   154
Armor: Scale mail        |    36 |    64 ||   100
Dodge: Dodged            |    38 |    93 ||   131
Block: Buckler           |    13 |    32 ||    45
